AoeStats
← [spank] Lord of the Spank

Arabia

507475982Analyzed
1v1 RM · 12d ago on Sep 18, 2026· 41m 5s· 2 players
Game mode
Random Map
Map size
Tiny (2 player)
Population
200
Speed
Normal
Resources
Standard
Victory
Conquest
Starting age
Dark Age
Ending age
Imperial Age
RankedLock teamsTeams togetherTeam positionsShared explorationLock speedFull tech treeHidden civsTurbo modeCheats
Victory
Defeat
🇺🇸 Tatars · United States
1050
+15
🇨🇳 Vietnamese · China
1036
-15
小九九92
8:00 Loom
10:40 Feudal Age
11:11 Double-Bit Axe
18:02 Gold Mining
17:52 Horse Collar
19:49 Fletching
23:28 Castle Age
23:38 Bloodlines
24:57 Bow Saw
24:13 Crossbowman
24:52 Bodkin Arrow
27:41 Padded Archer Armor
29:03 Wheelbarrow
28:39 Stone Mining
28:21 Elite Skirmisher
30:21 Hand Cart
29:52 Town Watch
32:17 Thumb Ring
37:04 Leather Archer Armor
41:51 Imperial Age
42:05 Imperial Age
[spank] Lord of the Spank
6:47 Loom
9:25 Feudal Age
10:08 Double-Bit Axe
10:20 Horse Collar
17:08 Gold Mining
19:47 Castle Age
18:37 Fletching
19:00 Padded Archer Armor
20:33 Wheelbarrow
19:45 Town Watch
20:31 Bodkin Arrow
21:21 Leather Archer Armor
21:40 Husbandry
24:35 Ballistics
36:29 Hand Cart
39:33 Imperial Age
37:57 Bloodlines
37:54 Scale Barding Armor
37:59 Forging
41:27 Bow Saw
41:18 Heavy Plow
Connection lost

Rejoining the realm…

Still unreachable

The connection could not be restored.

Session expired

The server has moved on; the page needs a fresh start.